 Dungeon Crawl Stone Soup version 0.27.1-33-g824d729ab1 (webtiles) character file.

Game seed: 14675876086793371176

387 JamezByez the Covered (level 6, -1/53 HPs)
             Began as a Minotaur Fighter on Dec 14, 2021.
             Was a Believer of Kikubaaqudgha.
             Slain by a gnoll (5 damage)
             ... on level 5 of the Dungeon.
             The game lasted 00:14:24 (4547 turns).

JamezByez the Covered (Minotaur Fighter)            Turns: 4547, Time: 00:14:26

Health: -1/53      AC: 12    Str: 23    XL:     6   Next: 49%
Magic:  6/6        EV:  2    Int:  5    God:    Kikubaaqudgha [**....]
Gold:   144        SH:  0    Dex:  9    Spells: 6/7 levels left

rFire    . . .     SeeInvis .   a - +0 war axe
rCold    . . .     Faith    +   o - +0 tower shield
rNeg     . . .     Spirit   .   u - +0 plate armour
rPois    .         Reflect  .   (helmet restricted)
rElec    .         Harm     .   (no cloak)
rCorr    .         Rampage  .   (no gloves)
Will     .....                  (no boots)
Stlth    ..........             l - amulet of faith
HPRegen  0.17/turn              (no ring)
MPRegen  0.10/turn              (no ring)

@: confused
A: horns 2, retaliatory headbutt
a: Renounce Religion, Receive Corpses


You were on level 5 of the Dungeon.
You worshipped Kikubaaqudgha.
Kikubaaqudgha was pleased with you.
You visited 1 branch of the dungeon, and saw 5 of its levels.

You collected 198 gold pieces.
You spent 54 gold pieces at shops.

Inventory:

Hand Weapons
 a - a +0 war axe (weapon)
Armour
 b - a +0 scale mail
 c - a +0 kite shield
 j - a +0 kite shield
 o - a +0 tower shield (worn)
 u - a +0 plate armour (worn)
Jewellery
 l - an amulet of faith (around neck)
 v - an amulet of regeneration
Wands
 r - a wand of charming (7)
Scrolls
 e - 2 scrolls of identify {unknown}
 f - a scroll of fog {unknown}
 g - a scroll of fear {unknown}
 h - a scroll of silence {unknown}
 i - a scroll of acquirement {unknown}
 n - a scroll of enchant weapon {unknown}
 q - a scroll of teleportation {unknown}
Potions
 d - a potion of ambrosia {unknown}
 k - a potion of flight {unknown}
 m - a potion of heal wounds {unknown}
 p - a potion of attraction {unknown}
 s - a potion of lignification {unknown}
 t - 2 potions of curing {unknown}


   Skills:
 + Level 4.3 Fighting
 + Level 4.5 Axes
 + Level 5.0 Armour
 + Level 0.8 Dodging
 + Level 0.2 Stealth
 + Level 4.7 Shields
 * Level 1.1 Spellcasting
 * Level 2.0 Necromancy


You had 6 spell levels left.
You knew the following spells:

 Your Spells              Type           Power      Damage    Failure   Level
a - Pain                  Necr           8%         1d4       100%        1

Your spell library contained the following spells:

 Spells                   Type           Power      Damage    Failure   Level
 Animate Skeleton         Necr           4%         N/A       100%        1
 Sublimation of Blood     Necr           1%         N/A       100%        2
 Vampiric Draining        Necr           1%         2d6       100%        3


Dungeon Overview and Level Annotations

Branches:
Dungeon (5/15)
 Temple: D:4-7

Altars:
Cheibriados
Dithmenos
Kikubaaqudgha
Makhleb
Ru
Trog
Uskayaw
Wu Jian
Yredelemnul
The Shining One

Shops:
D:3 [


Innate Abilities, Weirdness & Mutations

You have a pair of horns on your head.
You reflexively headbutt those who attack you in melee.


Message History

You block the orc priest's attack. You block the gnoll's attack.
You closely miss the orc wizard.
The orc wizard is severely wounded.
You barely miss the orc priest.
The ogre shouts!
You hit the gnoll but do no damage.
You hear a shout!
The orc wizard gestures at you while chanting.
You are confused.
The orc priest hits you but does no damage.
The gnoll hits you with a +0 whip.
The orc wizard hits you with a +0 dagger.
You bump into the rock wall.
The orc priest hits you with a +0 falchion.
The gnoll hits you with a +0 whip. The orc wizard completely misses you.
You miss the gnoll. Your headbutt misses the gnoll. You hit the orc priest.
You miss the orc wizard.
The orc priest hits you but does no damage.
The gnoll hits you but does no damage.
The orc wizard hits you with a +0 dagger.
The orc priest calls down the wrath of Beogh upon you.
Pain shoots through your body!
* * * LOW HITPOINT WARNING * * *
The gnoll hits you with a +0 whip.
* * * LOW HITPOINT WARNING * * *
You miss the orc wizard. Your headbutt misses the orc wizard.
The orc wizard is severely wounded.
You miss the orc priest. You closely miss the gnoll.
The orc wizard barely misses you.
The orc priest hits you but does no damage.
The gnoll hits you but does no damage.
The jelly jiggles.
The orc wizard casts a spell.
The orc wizard flickers and vanishes!
Deactivating autopickup; reactivate with Ctrl-A.
The orc priest hits you with a +0 falchion.
* * * LOW HITPOINT WARNING * * *
The gnoll hits you with a +0 whip.
You die...
Kikubaaqudgha rasps: "You have failed me!
Welcome... death!"

#.# #.#
#.# #.#
#.# #O#
#J# #g###
#.@{#
########o#
..oo...<.#
##########


You could see an ogre, a jelly, an orc priest and a gnoll.

Vanquished Creatures
  Sigmund (D:3)
  An orc priest (D:4)
  An iguana (D:4)
  An orc wizard (D:4)
  A hound skeleton (D:4)
  3 adders
  2 adder skeletons (D:4)
  5 worms
  2 dart slugs
  6 orcs
  7 ball pythons
  4 bats
  2 endoplasms (D:1)
  4 giant cockroaches (D:1)
  6 goblins
  5 hobgoblins
  2 jackals (D:1)
  4 kobolds
  5 quokkas
  A frilled lizard (D:1)
  4 rats
67 creatures vanquished.

Notes
Turn   | Place    | Note
-------+----------+-------------------------------------------
     0 | D:1      | JamezByez the Minotaur Fighter began the quest for the Orb.
     0 | D:1      | Reached XP level 1. HP: 19/19 MP: 0/0
   157 | D:1      | Reached XP level 2. HP: 27/27 MP: 1/1
   752 | D:1      | Reached skill level 4 in Armour
  1091 | D:1      | You fall into a shaft and drop 1 floor!
  1135 | D:2      | Reached XP level 3. HP: 29/33 MP: 2/2
  1398 | D:2      | Found a faded altar of an unknown god.
  1430 | D:2      | Became a worshipper of Kikubaaqudgha
  1430 | D:2      | Reached * piety under Kikubaaqudgha
  1430 | D:2      | Received a gift from Kikubaaqudgha
  1435 | D:2      | Learned a level 1 spell: Pain
  1874 | D:3      | Reached skill level 1 in Necromancy
  1913 | D:3      | Reached XP level 4. HP: 32/40 MP: 3/3
  2011 | D:3      | Found Aqehivat's Armour Boutique.
  2028 | D:3      | Bought a +0 tower shield for 54 gold pieces
  2048 | D:3      | Found a bloodstained altar of Trog.
  2071 | D:3      | Found a sacrificial altar of Ru.
  2071 | D:3      | Found an ornate altar of the Wu Jian Council.
  2071 | D:3      | Found an ancient bone altar of Kikubaaqudgha.
  2086 | D:3      | Found a glowing golden altar of the Shining One.
  2333 | D:3      | Noticed Sigmund
  2346 | D:3      | Killed Sigmund
  2347 | D:3      | Reached XP level 5. HP: 26/46 MP: 3/5
  2828 | D:4      | Reached skill level 1 in Spellcasting
  2828 | D:4      | Reached XP level 6. HP: 52/52 MP: 6/6
  2965 | D:4      | Reached ** piety under Kikubaaqudgha
  3249 | D:4      | Found a shadowy altar of Dithmenos.
  3756 | D:4      | Reached skill level 5 in Armour
  3806 | D:4      | Found a basalt altar of Yredelemnul.
  3995 | D:4      | Found a hide-covered altar of Uskayaw.
  3998 | D:4      | Found a burning altar of Makhleb.
  4001 | D:4      | Found a snail-covered altar of Cheibriados.
  4524 | D:5      | Entered Level 5 of the Dungeon
  4547 | D:5      | Slain by a gnoll

Illustrated notes

Levels and vault maps discovered:
D:1:      dpeg_arrival_houses_and_road, layout_loops_ring, serial_park_tiny_1,
          roderic_serpentine_path, minmay_misc_feat_more_columns
D:2:      layout_basic, hellmonk_ecumenical_altar_arch_garden
D:3:      layout_rooms, minitemple, portal_sewer_entry_a, serial_shops,
          nicolae_shop_stone, dk_vineyard_3, grunt_decor_fettered,
          nrook_mini_backslash, uniq_sigmund
D:4:      layout_loops_corners, lemuel_coloured_pillars_altar,
          grunt_temple_overflow_diamond, nicolae_overflow_crystal_walls,
          minmay_misc_feat_rugged
D:5:      layout_basic, minmay_temple_entry_stoned_glass, uniq_menkaure

Skill      XL: |  1  2  3  4  5  6 |
---------------+-------------------+-----
Fighting       | 4 |  4.3
Armour         | 4 5 |  5.0
Shields        | 4 |  4.7
Axes           | 3 4 |  4.5
Necromancy     | 1 2 |  2.0
Spellcasting   | 1 |  1.1
Dodging        | |  0.8
Stealth        | |  0.2

Action                   |  1- 3 |  4- 6 || total
-------------------------+-------+-------++-------
Melee: War axe           |    64 |    84 ||   148
       Headbutt          |     6 |    12 ||    18
  Use: Potion            |       |     1 ||     1
Armor: Scale mail        |    33 |    29 ||    62
       Plate armour      |       |    44 ||    44
Dodge: Dodged            |    25 |    23 ||    48
Block: Kite shield       |    34 |     5 ||    39
       Tower shield      |       |    97 ||    97
